 Dungeon Crawl Stone Soup version 0.27-a0-592-g0306a34022 (webtiles) character file.

Game seed: 15770464925405703112

8370 Atlas the Cruncher (level 11, -8/78 HPs)
             Began as a Demonspawn Ice Elementalist on Mar 10, 2021.
             Was an Elder of Vehumet.
             Killed from afar by a gargoyle (23 damage)
             ... with a stone arrow
             ... in a Gauntlet.
             The game lasted 00:28:28 (12283 turns).

Atlas the Cruncher (Demonspawn Ice Elementalist)   Turns: 12283, Time: 00:28:28

Health: -8/78      AC: 11    Str: 14    XL:     11   Next: 9%
Magic:  18/22      EV: 11    Int: 19    God:    Vehumet [****..]
Gold:   1200       SH:  0    Dex: 15    Spells: 14/25 levels left

rFire    . . .     SeeInvis .   m - +1 quarterstaff (speed)
rCold    . . .     Faith    .   (shield currently unavailable)
rNeg     + . .     Spirit   .   A - +2 scale mail {rN+}
rPois    .         Reflect  .   l - +0 helmet
rElec    .         Harm     .   (no cloak)
rCorr    .         Rampage  .   n - +0 pair of gloves
Will     .....     NoTele   +   (boots unavailable)
Stlth    ++........             a - amulet of magic regeneration
HPRegen  0.23/turn              p - +6 ring of strength
MPRegen  0.43/turn              (no ring)

@: frozen ramparts
A: talons 3, demonic guardian 1, sturdy frame 1, demonic magic 2
a: Renounce Religion


You were in a Gauntlet.
You worshipped Vehumet.
Vehumet was greatly pleased with you.
You visited 1 branch of the dungeon, and saw 11 of its levels.
You also visited: Sewer, Bailey and Gauntlet.

You collected 1200 gold pieces.

Inventory:

Hand Weapons
 f - a +0 whip
 m - a +1 quarterstaff of speed (weapon)
Armour
 l - a +0 helmet (worn)
 n - a +0 pair of gloves (worn)
 v - a +1 pair of boots
 A - a +2 scale mail of positive energy (worn)
Jewellery
 a - an amulet of magic regeneration (around neck)
 p - a +6 ring of strength (right hand)
Wands
 o - a wand of iceblast (7)
 q - a wand of paralysis (6)
 r - a wand of polymorph (29)
 y - a wand of acid (14)
 C - a wand of flame (16)
Scrolls
 b - 3 scrolls of blinking
 h - a scroll of random uselessness
 i - 4 scrolls of teleportation
 t - a scroll of enchant armour
 u - 3 scrolls of enchant weapon
 w - a scroll of fog
Potions
 c - 2 potions of magic
 d - 2 potions of curing
 g - 2 potions of haste
 j - 6 potions of flight
 k - a potion of brilliance {unknown}
 s - a potion of ambrosia {unknown}
 x - a potion of lignification {unknown}
 z - 3 potions of invisibility {unknown}
 B - 2 potions of might {unknown}
Miscellaneous
 e - a tin of tremorstones (2/2)


   Skills:
 + Level 4.4 Fighting
 + Level 8.6 Staves
 + Level 3.6 Armour
 + Level 4.1 Dodging
 + Level 6.3 Stealth
 + Level 1.1 Unarmed Combat
 + Level 7.5 Spellcasting
 + Level 7.4 Ice Magic


You had 14 spell levels left.
You knew the following spells:

 Your Spells              Type           Power      Damage    Failure   Level
a - Freeze                Ice            100%       1d11      1%          1
b - Frozen Ramparts       Ice            70%        1d9       1%          3
c - Ozocubu's Armour      Ice            35%        N/A       3%          3
d - Summon Ice Beast      Ice/Summ       21%        N/A       45%         4

Your spell library contained the following spells:

 Spells                   Type           Power      Damage    Failure   Level
 Sticky Flame             Conj/Fire      7%         2d3       50%         4
 Hailstorm                Conj/Ice       21%        3d6       13%         4
 Summon Small Mammal      Summ           28%        N/A       24%         1
 Call Imp                 Summ           7%         N/A       34%         2
 Call Canine Familiar     Summ           7%         N/A       56%         3
 Confusing Touch          Hex            7%         N/A       56%         3
 Gell's Gravitas          Tloc           3%         N/A       56%         3
 Summon Guardian Golem    Hex/Summ       7%         N/A       56%         3
 Metabolic Englaciation   Hex/Ice        10%        N/A       80%         5
 Bolt of Magma            Conj/Fire/Erth 3%         4d5       82%         5
 Iskenderun's Battlesphe  Conj           7%         2d6       82%         5
 Yara's Violent Unravell  Hex/Tmut       3%         3d4       82%         5
 Petrify                  Tmut/Erth      7%         N/A       93%         4
 Summon Lightning Spire   Summ/Air       7%         N/A       93%         4
 Iron Shot                Conj/Erth      3%         9d2       100%        6
 Orb of Destruction       Conj           3%         9d1       100%        7
 Spellforged Servitor     Conj/Summ      3%         N/A       100%        7


Dungeon Overview and Level Annotations

Branches:
Dungeon (11/15)            Temple (0/1) D:7             Orc (0/2) D:9
  Sewer (visited)          Bailey (visited)         Gauntlet (1/1)
   Lair: D:8-11

Altars:
Fedhas
Gozag
Okawaru
Qazlal
Sif Muna
Uskayaw
Vehumet
Wu Jian
Zin

Shops:
D:5 (

Annotations:
D:9 3 runed translucent doors, Jstep's ghost, novice MfIE; Sabo's ghost, novice DsGl; gressup's ghost, journeyman HuGl Gauntlet 15 transporters


Innate Abilities, Weirdness & Mutations

You have claws for feet.
A weak demonic guardian rushes to your aid.
Your movements are slightly less encumbered by armour. (ER -2)
Spells you cast may paralyse nearby enemies.


Message History

You kill the catoblepas!
Vehumet accepts your kill.
You feel your power returning. What are your orders? t - Shout!
Orders for allies: a - Attack new target. r - Retreat! s - Stop attacking. g - Guard the area. f - Follow me.
Anything else - Cancel.
Gang up on whom?
Press: ? - help, Dir - move target, f - you Really target yourself? [Y]es or [N]o only, please.
Really target yourself?
Okay, then.
What are your orders? t - Shout!
Orders for allies: a - Attack new target. r - Retreat! s - Stop attacking. g - Guard the area. f - Follow me.
Anything else - Cancel.
Gang up on whom?
Press: ? - help, Dir - move target, f - gargoyle
Aim: a gargoyle, wielding a +0 flail (severely damaged, fire blocked by a translucent stone wall) There's something in the way.
Okay, then.
A gargoyle is nearby!
A gargoyle is nearby!
The frozen ramparts melt away.
Casting: Frozen Ramparts (safe; 1% risk of failure)
Confirm with . or Enter, or press ? or * to list all spells.
Casting: Frozen Ramparts (safe; 1% risk of failure)
Press: ? - help, Dir - look around, f - activate The walls around you are covered in ice.
Malevolent energies surge around you.
Your hellwing disappears in a puff of smoke!
The wall freezes the gargoyle.
The gargoyle hurls a stone arrow at you.
The stone arrow hits you!!
You die...

........§≈...........#.#........#
########.§.###########.#........#
..^z...#.§.#....#..#.#.#..#######
^###...#...#...#..#.[#.#..#8#
..#...z#...#..#..#..##.#..###
..#..#.#...#.#..#P.#.#.#..#
######z#©.©##.9#..#.©#©#..###
..#©.#.#...#.#..#..#.###..#8#
..#..^.#...#..#§@#..##....###
.###^..#.∩.#...#..#..#....#
.......#...#....#..#$#..###
########...###########..#8#
........................###
.......§§∩≈............≈#
######################### 8# #8#
#8# #8# #8# #8# ## ### ### ###
### ###


You could see a gargoyle.

Vanquished Creatures
  A catoblepas (Gauntlet)
  A two-headed ogre (D:9)
  An unseen horror (D:10)
  An orc knight (Bailey)
  A cyclops (D:11)
  An ugly thing (D:11)
  A gargoyle (Gauntlet)
  A hornet (D:7)
  Sigmund (D:2)
  A wraith (D:11)
  Menkaure (D:7)
  A water moccasin (D:8)
  2 ice beasts
  2 sky beasts
  A swamp drake (D:9)
  A necrophage (D:7)
  12 orc warriors
  A centaur (D:10)
  4 ogres
  A phantom (D:10)
  A kobold brigand (Sewer)
  4 bullfrogs
  A gnoll sergeant (D:9)
  Blork the orc (D:5)
  A scorpion (D:4)
  3 killer bees (D:8)
  4 wights (D:10)
  3 howler monkeys (D:8)
  4 bullfrog zombies
  A centaur zombie (D:6)
  5 hounds
  A quasit (D:8)
  3 jellies
  6 orc priests
  2 centaur skeletons (D:4)
  3 orc wizards
  Terence (D:1)
  An iguana (D:4)
  8 worker ants
  A hound skeleton (D:7)
  2 howler monkey zombies
  9 gnolls
  8 adders
  A white imp (D:9)
  4 ufetubi
  2 oozes
  2 adder skeletons
  5 worms
  A dart slug (D:2)
  2 leopard geckos
  20 orcs
  6 bats
  4 giant cockroaches
  8 goblins
  10 hobgoblins
  13 jackals
  22 kobolds
  A quokka (D:2)
  A ball python (D:4)
  4 frilled lizards
  A jackal skeleton (D:4)
  A quokka skeleton (D:9)
  12 rats
229 creatures vanquished.

Vanquished Creatures (collateral kills)
  An ogre (D:7)
  A worker ant (D:5)
  A gnoll (D:4)
3 creatures vanquished.

Vanquished Creatures (others)
  An orc (D:9)
  9 fungi
  12 plants
22 creatures vanquished.

Grand Total: 254 creatures vanquished

Notes
Turn   | Place    | Note
-------+----------+-------------------------------------------
     0 | D:1      | Atlas the Demonspawn Ice Elementalist began the quest for
                  | the Orb.
     0 | D:1      | Reached XP level 1. HP: 13/13 MP: 3/3
   215 | D:1      | Gained mutation: A weak demonic guardian rushes to your
                  | aid. [demonic ancestry]
   215 | D:1      | Reached XP level 2. HP: 19/19 MP: 3/5
   997 | D:2      | Noticed Terence
  1002 | D:1      | Killed Terence
  1003 | D:1      | Reached XP level 3. HP: 24/24 MP: 2/6
  1510 | D:2      | Gained mutation: Spells you cast may paralyse adjacent
                  | enemies. [demonic ancestry]
  1510 | D:2      | Reached XP level 4. HP: 13/30 MP: 0/8
  1786 | D:2      | Found a stormy altar of Qazlal.
  1796 | D:2      | Learned a level 3 spell: Frozen Ramparts
  1800 | D:2      | Learned a level 3 spell: Ozocubu's Armour
  1868 | D:2      | Found a radiant altar of Vehumet.
  1892 | D:2      | Became a worshipper of Vehumet
  2492 | D:2      | Noticed Sigmund
  2517 | D:2      | Killed Sigmund
  2518 | D:2      | Reached skill level 1 in Unarmed Combat
  2518 | D:2      | Reached XP level 5. HP: 33/36 MP: 0/10
  2518 | D:2      | Reached XP level 6. HP: 38/42 MP: 0/11
  2871 | D:3      | Found a glowing drain.
  2892 | Sewer    | Entered a sewer
  3451 | D:3      | Reached * piety under Vehumet
  3451 | D:3      | Offered knowledge of Magic Dart by Vehumet.
  3651 | D:4      | Reached skill level 5 in Ice Magic
  3828 | D:4      | Found a blossoming altar of Fedhas.
  3837 | D:4      | Gained mutation: You have sharp toenails. [demonic
                  | ancestry]
  3837 | D:4      | Reached XP level 7. HP: 47/47 MP: 9/13
  3970 | D:4      | Reached skill level 1 in Fighting
  3970 | D:4      | Reached skill level 1 in Staves
  5140 | D:5      | Entered Level 5 of the Dungeon
  5160 | D:5      | Reached skill level 2 in Staves
  5189 | D:5      | Reached skill level 5 in Spellcasting
  5455 | D:5      | Gained mutation: Your movements are slightly less
                  | encumbered by armour. (ER -2) [demonic ancestry]
  5455 | D:5      | Reached XP level 8. HP: 52/54 MP: 6/15
  5583 | D:5      | Noticed Blork the orc
  5589 | D:5      | Killed Blork the orc
  5710 | D:5      | Found Kunt's Weapon Shoppe.
  5868 | D:5      | Found a shimmering blue altar of Sif Muna.
  6080 | D:6      | Reached skill level 3 in Staves
  6210 | D:6      | Reached ** piety under Vehumet
  6210 | D:6      | Offered knowledge of Sandblast by Vehumet.
  6500 | D:6      | Identified the +10 plate armour of Ruillaoc {rF- Int+4
                  | Dex+3}
  6779 | D:6      | Found an iron altar of Okawaru.
  6901 | D:7      | Reached skill level 4 in Staves
  6970 | D:7      | Noticed a hornet
  6977 | D:7      | Killed a hornet
  6978 | D:7      | Gained mutation: Spells you cast may paralyse nearby
                  | enemies. [demonic ancestry]
  6978 | D:7      | Reached XP level 9. HP: 59/62 MP: 17/17
  7145 | D:7      | Noticed Menkaure
  7165 | D:7      | Killed Menkaure
  7388 | D:7      | Reached skill level 5 in Staves
  7563 | D:7      | Found a staircase to the Ecumenical Temple.
  7803 | D:8      | Found an opulent altar of Gozag.
  7803 | D:8      | Found a hide-covered altar of Uskayaw.
  7844 | D:8      | Reached skill level 6 in Staves
  8359 | D:9      | Found a runed translucent gate.
  8359 | D:9      | Found a runed translucent gate.
  8359 | D:9      | Noticed Sabo's ghost (novice DsGl)
  8365 | D:9      | Found a runed translucent gate.
  8365 | D:9      | Noticed gressup's ghost (journeyman HuGl)
  8365 | D:9      | Noticed Jstep's ghost (novice MfIE)
  8374 | D:9      | Found a flagged portal.
  8389 | D:9      | Offered knowledge of Mephitic Cloud by Vehumet.
  8397 | D:9      | Reached skill level 5 in Stealth
  8407 | Bailey   | Entered a bailey
  8415 | Bailey   | Noticed an orc knight
  8445 | Bailey   | Reached *** piety under Vehumet
  8640 | Bailey   | Killed an orc knight
  8640 | Bailey   | Offered knowledge of Inner Flame by Vehumet.
  8641 | Bailey   | Reached skill level 1 in Armour
  8648 | Bailey   | HP: 1/64 [orc warrior/+0 war axe (16)]
  9090 | D:9      | Gained mutation: You have razor-sharp toenails. [demonic
                  | ancestry]
  9090 | D:9      | Reached XP level 10. HP: 70/70 MP: 20/20
  9198 | D:9      | Noticed a two-headed ogre
  9218 | D:9      | Killed a two-headed ogre
  9219 | D:9      | Reached skill level 7 in Staves
  9560 | D:9      | Reached **** piety under Vehumet
 10085 | D:9      | Found a staircase to the Orcish Mines.
 10542 | D:10     | Entered Level 10 of the Dungeon
 10574 | D:10     | Offered knowledge of Sticky Flame by Vehumet.
 11044 | D:10     | Found an ornate altar of the Wu Jian Council.
 11212 | D:10     | Killed an unseen horror
 11213 | D:10     | Reached skill level 8 in Staves
 11302 | D:11     | Noticed a cyclops
 11502 | D:11     | Killed a cyclops
 11517 | D:11     | Noticed a cyan ugly thing
 11536 | D:11     | Killed a cyan ugly thing
 11613 | D:11     | Found a gate leading to a gauntlet.
 11633 | Gauntlet | Entered a Gauntlet
 11633 | Gauntlet | Found a transporter.
 11633 | Gauntlet | Found a transporter.
 11639 | Gauntlet | Learned a level 4 spell: Summon Ice Beast
 11639 | Gauntlet | Noticed a catoblepas
 11643 | Gauntlet | Noticed a gargoyle
 11648 | Gauntlet | Found a transporter.
 11648 | Gauntlet | Noticed a gargoyle
 11662 | Gauntlet | Found a transporter.
 11664 | Gauntlet | Noticed a thrashing horror
 11665 | Gauntlet | Noticed a thrashing horror
 11669 | Gauntlet | Noticed a hell beast
 11684 | Gauntlet | Found a transporter.
 11699 | Gauntlet | Found a transporter.
 11798 | Gauntlet | Found a transporter.
 11806 | Gauntlet | Found a transporter.
 11814 | Gauntlet | Noticed a torpor snail
 11836 | Gauntlet | Found a transporter.
 11836 | Gauntlet | Noticed a death yak
 11836 | Gauntlet | Noticed a death yak
 11836 | Gauntlet | Noticed a death yak
 11837 | Gauntlet | Noticed a death yak
 11837 | Gauntlet | Noticed a death yak
 11843 | Gauntlet | Noticed a fire crab
 11849 | Gauntlet | Found a transporter.
 11856 | Gauntlet | Found a transporter.
 11858 | Gauntlet | Found a transporter.
 11892 | Gauntlet | Found a transporter.
 11920 | Gauntlet | Found a transporter.
 11949 | Gauntlet | Found a transporter.
 11969 | Gauntlet | Found a transporter.
 12266 | Gauntlet | Killed a gargoyle
 12267 | Gauntlet | Gained mutation: You have claws for feet. [demonic
                  | ancestry]
 12267 | Gauntlet | Reached XP level 11. HP: 18/78 MP: 11/22
 12270 | Gauntlet | HP: 2/78 [catoblepas (17)]
 12273 | Gauntlet | Killed a catoblepas
 12283 | Gauntlet | Killed from afar by a gargoyle

Illustrated notes

Levels and vault maps discovered:
D:1:      heliophobic_arrival_dark_side_of_the_moon, layout_loops_ring,
          minivault_25
D:2:      layout_rooms, grunt_temple_overflow_open, grunt_qazlal_clouds,
          uniq_terence, uniq_sigmund
D:3:      layout_rooms, cheibrodos_sewer_entry_bend,
          chequers_serial_rivers_room_a
D:4:      layout_loops_ring, fedhas_altar_3, hangedman_decor_slide_cut
D:5:      layout_loops_ring, nicolae_sif_muna_condensation, serial_shops,
          shop_statue, uniq_blork_the_orc
D:6:      wander_river, layout_basic, basic_altar
D:7:      layout_rooms, minmay_temple_entry_statues_pillars, uniq_menkaure
D:8:      layout_rooms, gammafunk_temple_overflow_wave
D:9:      layout_rooms, erik_orc_1, gammafunk_ghost_cemetery, enter_bailey_6
D:10:     layout_basic, basic_altar
D:11:     layout_small_grid, david_lair_generic, gauntlet_entry_generic,
          hangedman_batty, uniq_grum, uniq_erica
Gauntlet: gammafunk_gauntlet_branching [gammafunk_gauntlet_arena_arrow_garden,
          nicolae_gauntlet_arena_t_cross, nicolae_gauntlet_arena_blocks,
          nicolae_gauntlet_arena_grate_2, gammafunk_gauntlet_arena_split_x,
          gammafunk_gauntlet_arena_corners, gammafunk_gauntlet_arena_crates,
          nicolae_gauntlet_arena_flowing_pool, gauntlet_exit_watery]

Skill      XL: |  1  2  3  4  5  6  7  8  9 10 |
---------------+-------------------------------+-----
Ice Magic      | 4 5 6 7 |  7.4
Dodging        | 2 3 4 |  4.1
Spellcasting   | 3 4 5 6 7 |  7.5
Stealth        | 2 3 4 5 6 |  6.3
Unarmed Combat | 1 |  1.1
Fighting       | 1 2 3 4 |  4.4
Staves         | 2 4 6 8 |  8.6
Armour         | 1 3 |  3.6

Action                   |  1- 3 |  4- 6 |  7- 9 | 10-12 || total
-------------------------+-------+-------+-------+-------++-------
Melee: Unarmed           |     8 |    45 |       |       ||    53
       Quarterstaff      |       |    13 |   233 |   235 ||   481
       Short sword       |       |     2 |       |       ||     2
       Kick              |       |       |    18 |     1 ||    19
 Cast: Freeze            |    47 |    56 |    21 |     2 ||   126
       Frozen Ramparts   |       |     6 |    19 |    15 ||    40
       Ozocubu's Armour  |       |     4 |     7 |     3 ||    14
Evoke: Wand              |       |       |     1 |       ||     1
  Use: Scroll            |       |       |     9 |     2 ||    11
       Potion            |       |       |     1 |     5 ||     6
 Stab: Paralysed         |       |    15 |    22 |    10 ||    47
       Sleeping          |       |     3 |     7 |     3 ||    13
Armor: Robe              |     7 |    10 |    18 |       ||    35
       Leather armour    |       |       |     7 |       ||     7
       Ring mail         |       |       |    38 |       ||    38
       Scale mail        |       |       |       |    70 ||    70
Dodge: Dodged            |    24 |    40 |   142 |    83 ||   289

Table legend: (Time is in decaauts)
 A = Elapsed time spent in this place.
 B = Non-inter-level travel time spent in this place.
 C = Inter-level travel time spent in this place.
 D = Time resting spent in this place.
 E = Time spent auto-exploring this place.
 F = Levels seen in this place.
 G = Mean time per level.
                   A        B        C        D        E       F      G
               +--------+--------+--------+--------+--------+-----+--------+
         Total |  12197 |  11881 |    316 |   1936 |   7178 |  14 |  871.2 |
       Dungeon |  10578 |  10262 |    316 |   1572 |   6899 |  11 |  961.6 |
         Sewer |    352 |    352 |      0 |      0 |    279 |   1 |  352.0 |
        Bailey |    618 |    618 |      0 |    364 |      0 |   1 |  618.0 |
      Gauntlet |    647 |    647 |      0 |      0 |      0 |   1 |  647.0 |
               +--------+--------+--------+--------+--------+-----+--------+

Top non-repeatable levels by time:
     D:9: 1633 daAuts
     D:1: 1534 daAuts
     D:4: 1507 daAuts
     D:2: 1158 daAuts
     D:6: 969 daAuts
    D:10: 900 daAuts
     D:5: 895 daAuts
     D:7: 765 daAuts
Gauntlet: 647 daAuts
     D:3: 622 daAuts
  Bailey: 618 daAuts
     D:8: 446 daAuts
   Sewer: 352 daAuts
    D:11: 145 daAuts
